cohdb
Replays
Latest Replays
All Replays
Popular Replays
Top Player Replays
Match Explorer
How It Works
Community
CoH3 Stats
Reddit
Sign in to upload your games and track your stats! →
Sign in with Steam
Match 43558483
Unlisted
Match 43558483
Overview
Messages
Build Orders
End
Vickers Machine Gun Team
Selects Heavy Armor Battlegroup
Vickers Machine Gun Team
Construct Section Command Post
Infantry Section
ML 3-inch Mortar Team
Construct Platoon Command Post
ML 3-inch Mortar Team
CMP 15cwt Truck
Team Weapon Training
Grenade Package
Selects Rigorous Vehicle Training
Selects Forward Repair Assembly
Selects UNKNOWN (2162094)
Selects Light Vehicle Withdraw and Refit
Construct Company Command Post
TylerB
Jaksfess
jeroam
Moltke1871
0
0
Comments
sign in to comment!
No comments posted yet!